 Dungeon Crawl Stone Soup version 0.31.0-9-g3a7656b989 (webtiles) character file.

Game seed: 15254233379760108154

60 qw the Shooter (level 3, -3/20 HPs)
             Began as a Deep Elf Hunter on Feb 2, 2024.
             Killed from afar by an orc wizard (6 damage)
             ... with a magic dart
             ... on level 2 of the Dungeon.
             The game lasted 00:00:04 (1176 turns).

qw the Shooter (Deep Elf Hunter)                    Turns: 1176, Time: 00:00:05

Health: -3/20      AC:  5    Str: 10    XL:     3   Next: 82%
Magic:  5/5        EV: 11    Int: 13    God:
Gold:   29         SH:  0    Dex: 18    Spells: 2/2 levels left

rFire   . . .        a - +0 shortbow
rCold   . . .        (shield currently unavailable)
rNeg    . . .        e - +0 ring mail
rPois   .            (no helmet)
rElec   .            (no cloak)
rCorr   .            (no gloves)
SInv    .            (no boots)
Will    .....        (no amulet)
Stlth   +            (no ring)
HPRegen 0.23/turn    (no ring)
MPRegen 0.09/turn

%: no passive effects
@: no status effects
A: no striking features
a: no special abilities


You were on level 2 of the Dungeon.
You visited 1 branch of the dungeon, and saw 2 of its levels.

You collected 29 gold pieces.


   Skills:
 - Level 1.5 Fighting
 + Level 7.3 Ranged Weapons
 - Level 2.4 Dodging
 - Level 1.2 Stealth


You had 2 spell levels left.
You didn't know any spells.
Your spell library was empty.

Inventory:

Hand Weapons
 a - a +0 shortbow (weapon)
Armour
 e - a +0 ring mail (worn)
Potions
 d - a potion of might {unknown}
 h - a potion of attraction {unknown}

Dungeon Overview and Level Annotations

Branches:
Dungeon (2/15)

Altars:

Shops:
D:1 [([?:


Message History

The orc is almost dead.
The orc barely misses you.
You shoot an arrow. The arrow hits the orc!
You kill the orc!
The adder bites you.
You shoot an arrow.
The arrow hits the adder but does no damage.
The orc hits you from afar with a +0 trident.
The adder bites you but does no damage.
You shoot an arrow. The arrow hits the adder!
The adder is severely wounded.
The adder barely misses you. The orc closely misses you.
The adder closely misses you.
You shoot an arrow. The arrow hits the adder!
You kill the adder!
The orc hits you from afar with a +0 trident.
You shoot an arrow. The arrow completely misses the orc.
The arrow hits the orc.
The orc is almost dead.
The orc barely misses you. The orc closely misses you.
You shoot an arrow. The arrow closely misses the orc.
The orc misses you. The orc hits you with a +0 club. The orc misses you.
You shoot an arrow. The arrow closely misses the orc.
The orc closely misses you. Something hits you.
You shoot an arrow. The orc barely misses you.
You hear some strange, mumbled words.
A magic dart appears from out of thin air!
The magic dart hits you.
You shoot an arrow.
The arrow hits the orc but does no damage.
The orc is almost dead.
The orc barely misses you. Something hits you.
You shoot an arrow. The orc misses you. Something hits you.
You shoot an arrow.
The orc hits you from afar with a +0 trident.
You hear some strange, mumbled words.
A magic dart appears from out of thin air!
The magic dart hits you.
You die...

#####..........
...............
...............
...........oo
............
#.....o....
#.ooo...o.. #{#
#@# #.# #.# #.#
#.# #%########
#........#
.########.# ##
..........#
###.


You could see 3 orcs.

Vanquished Creatures
  2 adders (D:2)
  A dart slug (D:1)
  An orc (D:2)
  An endoplasm (D:2)
  3 giant cockroaches (D:1)
  A goblin (D:1)
  A hobgoblin (D:1)
  12 jackals (D:1)
  3 ball pythons (D:1)
  2 bats
  2 frilled lizards
  6 kobolds
  A rat (D:2)
36 creatures vanquished.

Notes
Turn   | Place    | Note
-------+----------+-------------------------------------------
     0 | D:1      | qw the Deep Elf Hunter began the quest for the Orb.
     0 | D:1      | Reached XP level 1. HP: 12/12 MP: 3/3
     0 | D:1      | 0 ||| qw: Version: 0.3-a-155-g5e7d8dd
     0 | D:1      | 0 ||| qw: Game counter: 2741
     0 | D:1      | 0 ||| qw: Melee chars always use a shield: true
     0 | D:1      | 0 ||| qw: God list: Okawaru
     0 | D:1      | 0 ||| qw: Allow faded altars: false
     0 | D:1      | 0 ||| qw: Do Orc after clearing Dungeon:15 true
     0 | D:1      | 0 ||| qw: Do second Lair branch before Depths: true
     0 | D:1      | 0 ||| qw: Lair rune preference: random
     0 | D:1      | 0 ||| qw: Goals: Normal
     0 | D:1      | 0 ||| PLANNING D:1-11
    39 | D:1      | Found Riasices's Magic Scroll Shoppe.
    49 | D:1      | 49 ||| SHOPLISTING scroll of identify (24 gold, have 0).
   171 | D:1      | Reached XP level 2. HP: 16/16 MP: 4/4
   174 | D:1      | Reached skill level 6 in Ranged Weapons
   175 | D:1      | 175 ||| RETREEEEATING.
   176 | D:1      | 176 ||| RETREEEEATING.
   177 | D:1      | 177 ||| RETREEEEATING.
   259 | D:1      | Found Coas Cib's Weapon Shoppe.
   462 | D:1      | Found Fudwi's Armour Emporium.
   467 | D:1      | Reached XP level 3. HP: 20/20 MP: 5/5
   471 | D:1      | 471 ||| SHOPLISTING +0 ring mail of fire resistance (132
                  | gold, have 23).
   471 | D:1      | 471 ||| SHOPLISTING +3 leather armour of cold resistance
                  | (288 gold, have 23).
   680 | D:1      | Found Pes Jau's Book Emporium.
   705 | D:1      | Found Yggoudwu's Armour Shoppe.
   856 | D:1      | Found a faded altar of an unknown god.
   949 | D:1      | 949 ||| UPGRADING to +0 ring mail.
   959 | D:1      | 959 ||| DROPPING +0 leather armour.
   960 | D:1      | 960 ||| READING scroll labelled JUPLOCHA FOSCH.
  1061 | D:1      | 1061 ||| READING scroll labelled CUT MIHOBE.
  1062 | D:1      | 1062 ||| DROPPING scroll of butterflies.
  1157 | D:2      | 1157 ||| RETREEEEATING.
  1164 | D:2      | Reached skill level 7 in Ranged Weapons
  1176 | D:2      | HP: 3/20 [orc/+0 trident (4)]
  1176 | D:2      | Killed from afar by an orc wizard

Levels and vault maps discovered:
D:1:      dpeg_arrival_fog, layout_loops_corners, serial_shops, shop, shop,
          shop, shop, nicolae_shop_just_a_little_nook,
          hellmonk_ecumenical_altar_run_dry, chequers_garden,
          minmay_pentomino_p4
D:2:      layout_basic, kennysheep_generic_room_5

Skill      XL: |  1  2  3 |
---------------+----------+-----
Ranged Weapons | 6 7 |  7.3
Fighting       | |  1.5
Dodging        | |  2.4
Stealth        | |  1.2

Action                     || total
---------------------------++-------
   Fire: Shortbow          ||   114
    Use: Scroll            ||     2
 Armour: Leather armour    ||    33
         Ring mail         ||    21
  Dodge: Dodged            ||    68

Table legend:
 A = Non-vault XP
 B = Vault XP
 C = Vault XP percentage of total XP
 D = Non-vault monster count
 E = Vault monster count
 F = Vault count percentage of total count
                 A         B        C        D         E       F
            +---------+---------+-------+---------+---------+-------
      Total |      79 |       8 |   9.2 |      30 |       6 |  16.7
            +---------+---------+-------+---------+---------+-------
        D:1 |      48 |       4 |   7.7 |      25 |       3 |  10.7
        D:2 |      31 |       4 |  11.4 |       5 |       3 |  37.5
            +---------+---------+-------+---------+---------+-------
